 Dungeon Crawl Stone Soup version 0.32-a0-665-g3d30ec2550 (webtiles) character file.

Game seed: 8321566995437704756

80 Goblin1989 the Ruffian (level 4, -1/32 HPs)
             Began as a Demonspawn Shapeshifter on Mar 9, 2024.
             Was an Initiate of Cheibriados.
             Slain by a scorpion (5 damage)
             ... on level 4 of the Dungeon on Mar 10, 2024.
             The game lasted 00:05:34 (2412 turns).

Goblin1989 the Ruffian (Demonspawn Shapeshifter)    Turns: 2412, Time: 00:05:35

Health: -1/32      AC:  2    Str: 17    XL:     4   Next: 18%
Magic:  4/4        EV: 12    Int: 11    God:    Cheibriados [......]
Gold:   154        SH:  0    Dex: 14    Spells: 3/3 levels left

rFire   . .          .
                       - Unarmed
rCold   . . .        (no shield)
rNeg    . . .        a - +0 animal skin
rPois   .            (helmet currently unavailable)
rElec   .            (cloak currently unavailable)
rCorr   .            (gloves currently unavailable)
SInv    .            (boots currently unavailable)
Will    .....        (no amulet)
Stlth   +            (no ring)
HPRegen 0.25/turn    (no ring)
MPRegen 0.09/turn

%: no passive effects
@: lethally poisoned (-1 -> -8), beast-form, very slow
A: beast (slay +1), horns 1
a: Begin Untransformation, Renounce Religion


You were on level 4 of the Dungeon.
You worshipped Cheibriados.
Cheibriados was noncommittal.
You were a hulking beast.
You visited 1 branch of the dungeon, and saw 4 of its levels.

You collected 154 gold pieces.

Inventory:

Missiles
 h - 48 stones (quivered)
 i - 9 poisoned darts
 n - 5 curare-tipped darts
Armour
 a - a +0 animal skin (worn)
 j - a scarf of resistance
 q - a +0 pair of boots
Talismans
 c - a beast talisman (active)
 d - a flux talisman
Scrolls
 e - 5 scrolls of identify {unknown}
 f - a scroll of noise {unknown}
 g - 2 scrolls of revelation {unknown}
 l - 2 scrolls of fear {unknown}
 m - a scroll of teleportation {unknown}
 o - a scroll of silence {unknown}
 p - a scroll of fog {unknown}
Potions
 b - 2 potions of lignification
 k - a potion of curing {unknown}


   Skills:
 - Level 1.0 Fighting
 * Level 1.3 Throwing
 - Level 1.7 Dodging
 + Level 0.2 Stealth
 + Level 3.5 Unarmed Combat
 + Level 3.4 Shapeshifting


You had 3 spell levels left.
You didn't know any spells.
Your spell library was empty.

Dungeon Overview and Level Annotations

Branches:
Dungeon (4/15) Zot: 32583
 Temple: D:4-7

Altars:
Cheibriados
Hepliaklqana
Vehumet

Shops:
D:2 ?


Innate Abilities, Weirdness & Mutations

You are a hulking beast.
Your limbs bulge with bestial killing power. (Slay +1)
You have a pair of small horns on your head.


Message History

The spectral kobold is almost destroyed.
The spectral kobold misses you.
You hit the spectral kobold.
You destroy the spectral kobold!
Cheibriados appreciates the change of pace.
No target in view!
No target in view!
No target in view!
No target in view!
No target in view!
No target in view!
No target in view!
No target in view!
No target in view!
No target in view!
No target in view!
No target in view!
No target in view!
No target in view!
No target in view!
No target in view!
No target in view!
No target in view!
No target in view!
h - 48 stones (gained 5)
You see here a +0 club.
You see here a +0 club.
There is an open door here.
You see here a rat skeleton.
Done exploring.
Done exploring.
Search for what [Enter for "."]?
Saving game... please wait.
Bad monster_list_colour key: strict_neutral Options error: Unknown explore stop condition 'gates' (Goblin1989.rc:83) Welcome back, Goblin1989 the Demonspawn Shapeshifter.
Cheibriados says: Take it easy.
Press ? for a list of commands and other information.
Done exploring.
There is a stone staircase leading down here.
You climb downwards.
The jelly quivers.
The hobgoblin shouts!
Found a stone staircase leading down and a stone staircase leading up.
There is a stone staircase leading up here.
The jelly jiggles.
You climb upwards.
There is a stone staircase leading down here.
There is an escape hatch in the floor here.
There is a stone staircase leading down here.
You climb downwards.
There is a stone staircase leading up here.
You open the door.
There is an open door here.
A scorpion comes into view.
Found a scroll labelled SIQENK ETANG.
There is an open door here.
An endoplasm comes into view.
The scorpion misses you.
You hit the scorpion. You headbutt the scorpion.
The scorpion is moderately wounded.
The scorpion stings you.
You take 3 damage, and have 29/32 hp.
You closely miss the scorpion. Your headbutt misses the scorpion.
The scorpion is moderately wounded.
The scorpion stings you. x2
You take 7 damage, and have 22/32 hp.
MASSIVE DAMAGE!!
You hit the scorpion but do no damage. Your headbutt misses the scorpion.
The scorpion is moderately wounded.
The scorpion closely misses you.
You closely miss the scorpion. You headbutt the scorpion!
The scorpion is heavily wounded.
The scorpion stings you.
You take 4 damage, and have 18/32 hp.
You completely miss the scorpion.
The scorpion is heavily wounded.
The scorpion stings you!
* * * LOW HITPOINT WARNING * * *
You take 7 damage, and have 11/32 hp.
MASSIVE DAMAGE!!
You barely miss the scorpion. Your punch misses the scorpion.
The scorpion is heavily wounded.
The scorpion misses you.
You hit the scorpion.
The scorpion is almost dead.
The scorpion stings you.
* * * LOW HITPOINT WARNING * * *
You are lethally poisoned!
The scorpion poisons you!
You take 4 damage, and have 7/32 hp.
You hit the scorpion but do no damage. Your headbutt misses the scorpion.
The scorpion is almost dead.
* * * LOW HITPOINT WARNING * * *
You feel sick. The scorpion closely misses you.
You take 1 damage, and have 6/32 hp.
You hit the scorpion but do no damage.
The scorpion is almost dead.
* * * LOW HITPOINT WARNING * * *
You feel sick. The scorpion stings you.
You die...
Cheibriados appreciates the motionlessness of death.

█....
..█████...█
█J....█...█
...█
█.....█...█
....█
█.....▲...█
....██ß
.....█...█
....██
........████...
..█████.∆.██.█
█sh.█.█....███
█.█.█......█.█
█.█.█........█
..█........███
██████......█
█........█
.........█
█████...██
█...█


You could see a scorpion and an endoplasm.

Vanquished Creatures
  A bombardier beetle (D:3)
  An adder (D:2)
  A dart slug (D:3)
  3 endoplasms
  3 goblins
  3 hobgoblins
  3 quokkas
  5 ball pythons
  3 bats
  A frilled lizard (D:1)
  9 kobolds
  2 rats (D:3)
  A spectral kobold (D:3)
36 creatures vanquished.

Notes
Turn   | Place    | Note
-------+----------+-------------------------------------------
     0 | D:1      | Goblin1989 the Demonspawn Shapeshifter began the quest for
                  | the Orb.
     0 | D:1      | Reached XP level 1. HP: 15/15 MP: 1/1
   276 | D:1      | Gained mutation: You have a pair of small horns on your
                  | head. [demonic ancestry]
   276 | D:1      | Reached XP level 2. HP: 21/21 MP: 2/2
  1144 | D:2      | Found a radiant altar of Vehumet.
  1276 | D:2      | Reached XP level 3. HP: 22/26 MP: 3/3
  1326 | D:2      | Found Keicsaxewk's Magic Scroll Boutique.
  1629 | D:3      | Found a snail-covered altar of Cheibriados.
  1639 | D:3      | Reached skill level 1 in Throwing
  1639 | D:3      | Reached XP level 4. HP: 24/32 MP: 4/4
  1642 | D:3      | Became a worshipper of Cheibriados the Contemplative
  2262 | D:3      | Found a hazy altar of Hepliaklqana.
  2395 | D:4      | Noticed a scorpion
  2412 | D:4      | Slain by a scorpion

Illustrated notes

Levels and vault maps discovered:
D:1:      minmay_arrival_radiant_lines, layout_loops_ring,
          serial_park_tiny_pond, minmay_misc_feat_more_columns,
          kennysheep_minor_cross, chequers_jeans
D:2:      layout_rooms, basic_altar, serial_shops, nicolae_shop_back_alley_shop
D:3:      layout_rooms, nicolae_hepliaklqana_monster_ancestors,
          nicolae_tso_swordbearing_angel, slow_altar_1, nicolae_eternal_life,
          chequers_serial_rivers_micro_d, grunt_decor_fettered, st_stairs_14
D:4:      layout_basic, mainiacjoe_overflow_concentric_impassable,
          nicolae_overflow_hidden_temple, serial_co_window_serial,
          co_window_corner_a, co_window_paths_a, co_window_corner_a,
          co_window_paths_b, co_window_paths_a, co_window_of_opportunity_a,
          co_window_paths_b, co_window_unsneaky_path_b, co_window_2corner,
          co_window_broadway_c, co_window_unsneaky_path_c, glass_columns_b,
          glass_columns_a, glass_columns_a, glass_columns_b,
          uniq_crazy_yiuf_cottage

Skill      XL: |  1  2  3 |
---------------+----------+-----
Unarmed Combat | 3 |  3.5
Shapeshifting  | 3 |  3.4
Throwing       | 1 |  1.3
Fighting       | |  1.0
Dodging        | |  1.7
Stealth        | |  0.2

Action                     |  1- 3 |  4- 6 || total
---------------------------+-------+-------++-------
  Melee: Unarmed           |    95 |    22 ||   117
         Headbutt          |     4 |     5 ||     9
         Punch             |       |     1 ||     1
   Stab: Sleeping          |     1 |     1 ||     2
 Armour: Animal skin       |    42 |    10 ||    52
  Dodge: Dodged            |    42 |    13 ||    55

Table legend: (Time is in decaauts)
 A = Elapsed time spent in this place.
 B = Non-inter-level travel time spent in this place.
 C = Inter-level travel time spent in this place.
 D = Time resting spent in this place.
 E = Time spent auto-exploring this place.
 F = Levels seen in this place.
 G = Mean time per level.
                   A        B        C        D        E       F      G
               +--------+--------+--------+--------+--------+-----+--------+
         Total |   2599 |   2429 |    170 |      0 |   2082 |   4 |  649.8 |
       Dungeon |   2599 |   2429 |    170 |      0 |   2082 |   4 |  649.8 |
               +--------+--------+--------+--------+--------+-----+--------+

Top non-repeatable levels by time:
     D:1: 1030 daAuts
     D:3: 898 daAuts
     D:2: 558 daAuts
     D:4: 111 daAuts
